Map: Temple of the Past

Players

LilArrin

  • Race: Terran Terran
  • Spawn Location: 0:00

Yuriprime

  • Race: Zerg Zerg
  • Spawn Location: 0:00

VOD

Have the link to the VOD?

Description

Time

  • Played on: March 2, 2018, 9:53 p.m.
  • Length: 26:28
Show
View Real Time Build Order
Export as new Build Order

LilArrin Terran 

Build Orders:  

Get SALT Encoding   

  12  0:03  SCV  
  13  0:20  SCV  
  14  0:33  Supply Depot  
  14  0:37  SCV  
  15  0:54  SCV  
  16  1:11  SCV  
  17  1:25  Command Center  
  17  1:29  SCV  
  18  1:46  SCV  
  19  1:50  Barracks  
  19  1:58  Refinery  
  19  2:03  SCV  
  20  2:22  Marine  
  20  2:23  Orbital Command  
  21  2:36  Barracks  
  21  2:51  Barracks Tech Lab  
  21  2:59  SCV  
  22  3:05  Orbital Command  
  22  3:12  Barracks Reactor  
  22  3:16  SCV, Combat Shields  
  23  3:22  Barracks  
  23  3:24  Marine  
  24  3:35  Marine  
  25  3:45  Marine  
  25  3:46  Supply Depot  
  26  3:53  Marine  
  27  4:06  Marine  
  28  4:10  Marine x2  
  28  4:17  Marine x2  
  30  4:24  Supply Depot  
  30  4:27  Marine, Supply Depot  
  32  4:32  Medic  
  32  4:34  Marine x2  
  37  4:44  Marine x2  
  39  4:51  Marine x2  
  39  4:54  Marine  
  39  4:56  Marine  
  43  5:01  Marine x2  
  43  5:11  Medic  
  43  5:19  Marine x2  
  45  5:21  Marine x2  
  45  5:29  Marine  
  49  5:32  Marine x2  
  49  5:33  Marine  
  53  5:42  Marine x2  
  53  5:43  Marine  
  53  5:44  Marine  
  57  5:52  Marine x2  
  57  5:53  Marine  
  57  5:54  Marine  
  59  6:02  Marine  
  59  6:04  Marine x2  
  61  6:13  Marine  
  62  6:28  Marine  
  62  6:30  Marine x3  
  62  6:38  Marine  
  59  6:40  Marine x2  
  62  6:52  Refinery  
  62  6:54  Barracks Reactor  
  62  7:00  Factory  
  62  7:04  Marine x2, Supply Depot  
  64  7:52  Command Center  
  64  7:54  Command Center  
  64  8:01  Factory Tech Lab  
  64  8:07  SCV  
  65  8:20  Marine x3  
  65  8:21  Medic  
  70  8:32  Engineering Bay  
  70  8:35  Engineering Bay  
  70  8:36  Replenishable Magazine  
  70  8:41  Orbital Command  
  70  8:57  Vulture, Supply Depot  
  70  8:58  Supply Depot  
  70  9:00  SCV  
  70  9:01  Stabilizer Medpacks  
  70  9:07  Vulture  
  73  9:12  Marine x2  
  73  9:17  Vulture  
  77  9:28  Vulture  
  79  9:35  Orbital Command  
  79  9:38  Vulture  
  79  9:41  Orbital Command  
  74  9:50  SCV  
  69  10:05  Vulture  
  65  10:13  SCV x2  
  65  10:14  Marine  
  65  10:16  Medic, Cerberus Mines, Vulture  
  72  10:26  Vulture  
  72  10:27  Marine  
  72  10:28  SCV  
  75  10:36  Vulture  
  75  10:38  Marine x2  
  78  10:46  Vulture  
  82  10:52  Marine  
  82  10:56  Vulture  
  85  11:01  Marine  
  85  11:06  Vulture  
  88  11:19  Vulture  
  88  11:29  Terran Infantry Weapons Level 1, Vulture  
  90  11:30  Terran Infantry Armor Level 1  
  90  11:31  Armory  
  90  11:32  SCV x2  
  90  11:34  SCV  
  90  11:35  Marine x2  
  90  11:37  Supply Depot  
  90  11:39  Vulture, Marine x2  
  97  11:40  Medic  
  97  11:45  Marine  
  97  11:46  Marine  
  97  11:49  Marine  
  106  12:07  Marine x2  
  106  12:19  Command Center  
  108  12:26  Vulture  
  110  12:32  Marine  
  110  12:34  Marine  
  110  12:36  Vulture, Marine  
  115  12:47  Afterburners  
  115  12:53  Marine  
  115  12:55  Marine x2  
  118  13:02  SCV x2  
  118  13:03  SCV x2  
  118  13:08  Supply Depot  
  122  13:19  SCV  
  123  13:29  Medic, Barracks, Marine x2  
  123  13:30  Marine  
  123  13:31  Marine  
  123  13:33  Factory Reactor  
  123  13:39  SCV  
  128  13:40  SCV  
  128  13:42  SCV x2  
  128  13:45  Marine  
  132  13:56  Marine  
  132  13:57  Supply Depot  
  132  13:58  Supply Depot  
  133  14:25  Marine x3  
  133  14:26  Medic, Marine x2  
  140  14:31  Vulture x2  
  140  14:39  Orbital Command  
  144  14:41  Vulture x2  
  144  14:43  Terran Infantry Weapons Level 2  
  148  14:51  Vulture x2  
  91  15:00  Terran Infantry Armor Level 2  
  152  15:01  Vulture  
  152  15:06  Refinery  
  154  15:18  Marine x4  
  154  15:19  Medic, Marine  
  154  15:28  Marine  
  154  15:29  Marine  
  163  16:08  Vulture x2, Supply Depot, Marine x2  
  163  16:09  Supply Depot  
  169  16:25  Terran Vehicle and Ship Weapons Level 1  
  169  16:26  Command Center  
  169  16:42  Marine x4  
  169  16:43  Medic, Marine  
  176  16:52  Marine  
  177  17:03  Marine  
  178  17:11  Marine  
  179  17:23  Medic, Marine x3, Supply Depot  
  179  17:26  Marine  
  179  17:27  Supply Depot  
  185  18:02  Marine  
  185  18:06  Marine  
  185  18:07  Medic, Marine x3  
  188  18:12  Marine  
  188  18:16  Orbital Command  
  188  18:17  Marine  
  191  18:27  Marine x2  
  191  18:28  Marine  
  181  18:40  Marine x2  
  181  18:41  Marine x2  
  181  18:42  Medic, Marine  
  188  19:09  Vulture x2  
  184  19:14  Marine x2  
  190  19:23  Terran Infantry Weapons Level 3  
  190  19:24  Terran Infantry Armor Level 3  
  188  19:41  Marine x2  
  188  19:42  Marine x2  
  188  19:43  Medic, Marine  
  195  19:52  Marine  
  195  19:53  Marine x2  
  195  19:55  Medic  
  197  20:43  Missile Turret  
  197  20:46  Missile Turret  
  197  20:47  Missile Turret  
  197  20:48  Missile Turret x2  
  197  21:19  Missile Turret  
  197  21:20  Missile Turret  
  197  21:23  Missile Turret  
  197  21:26  Missile Turret  
  197  21:37  Missile Turret  
  197  21:40  Missile Turret  
  197  21:42  Missile Turret x4  
  197  21:44  Missile Turret  
  197  22:05  Missile Turret  
  197  22:09  Missile Turret  
  197  22:10  Marine  
  197  22:11  Marine  
  197  22:12  Missile Turret  
  197  22:15  Missile Turret  
  198  22:50  Marine  
  198  22:51  Marine  
  199  23:36  Marine x2  
  199  23:37  Marine x3  
  198  23:46  Marine  
Show
View Real Time Build Order
Export as new Build Order

Yuriprime Zerg 

Build Orders:  

Get SALT Encoding   

  6  0:10  Drone x2  
  6  0:18  Drone x2  
  8  0:27  Drone x2  
  9  0:32  Extractor  
  8  0:57  Spawning Pool  
  8  1:03  Drone x2  
  9  1:11  Drone x2  
  9  1:19  Drone x2  
  11  1:33  Baneling Nest  
  10  1:41  Drone x2  
  11  1:50  Evolution Chamber  
  11  1:55  Drone x2  
  12  2:02  Extractor  
  12  2:05  Drone x2  
  12  2:15  Overlord  
  12  2:31  Zerg Melee Weapons Level 1  
  14  2:43  Centrifical Hooks  
  14  2:56  Metabolic Boost  
  14  3:09  Drone x2  
  17  3:10  Hatchery  
  17  3:14  Swarmling x3  
  18  3:24  Overlord  
  18  3:37  Drone x2  
  26  3:50  Swarmling x9  
  26  3:53  Swarmling x3  
  26  3:58  Swarmling x3  
  30  4:12  Swarmling x3  
  30  4:13  Swarmling x6  
  35  4:24  Overlord  
  35  4:27  Overlord  
  35  4:48  Swarmling x3  
  35  4:49  Swarmling x12  
  37  4:59  Swarmling x3  
  39  5:00  Swarmling x3  
  41  5:15  Swarmling x9  
  43  5:27  Swarmling x3  
  43  5:28  Swarmling x6  
  47  5:48  Swarmling x3  
  47  5:49  Swarmling x6  
  50  6:02  Swarmling x3  
  50  6:03  Swarmling x6  
  39  7:35  Lair  
  41  7:46  Hatchery  
  40  7:54  Heroic Fortitude  
  38  8:00  Drone x2  
  38  8:01  Drone x10  
  46  8:19  Evolution Chamber  
  43  8:43  Drone x2  
  43  8:44  Drone x6  
  43  8:47  Overlord, Extractor  
  43  8:48  Extractor  
  46  8:59  Drone x6  
  49  9:01  Overlord x2  
  49  9:05  Zerg Melee Weapons Level 2  
  49  9:06  Zerg Ground Armor Level 1  
  49  9:08  Hardened Carapace  
  51  9:15  Scourge Nest  
  51  9:25  Drone x6  
  51  9:26  Drone x6  
  59  9:45  Corrosive Acid  
  59  9:46  Hive  
  59  10:02  Aberration  
  57  10:26  Virulent Spores  
  59  10:48  Hatchery  
  59  10:51  Hatchery  
  45  11:21  Rupture  
  45  11:26  Zerg Flyer Weapons Level 1  
  45  11:29  Hatchery  
  47  11:46  Adrenal Overload  
  47  11:49  Zerg Ground Armor Level 2  
  47  12:06  Drone x4  
  47  12:07  Drone x4  
  47  12:08  Drone x4  
  47  12:09  Drone x2  
  58  12:46  Shredding Claws  
  58  12:58  Hatchery  
  79  13:00  Scourge x14  
  57  13:01  Scourge x6  
  58  14:01  Bile Launcher  
  58  14:05  Zerg Flyer Armor Level 1  
  58  14:09  Bile Launcher  
  59  14:10  Bile Launcher x2  
  59  14:12  Bile Launcher  
  59  14:16  Artillery Ducts  
  59  14:19  Spine Crawler  
  57  14:20  Spore Crawler  
  57  14:21  Spore Crawler  
  57  14:23  Spore Crawler  
  57  14:25  Spore Crawler  
  57  14:27  Spine Crawler  
  57  14:29  Spine Crawler x2  
  53  14:30  Spine Crawler x2  
  54  14:40  Drone x2  
  54  14:41  Drone x6  
  54  14:42  Drone x8  
  54  14:43  Drone x4  
  64  14:51  Spine Crawler  
  64  14:52  Spine Crawler x2  
  63  15:01  Zerg Melee Weapons Level 3  
  63  15:03  Zerg Ground Armor Level 3  
  65  15:11  Spore Crawler  
  65  15:12  Spore Crawler x2  
  65  15:13  Spore Crawler  
  65  15:14  Spore Crawler  
  65  15:16  Rapid Bombardment  
  65  15:17  Spore Crawler  
  66  16:22  Bile Launcher  
  66  16:24  Spine Crawler  
  66  16:25  Spine Crawler x2  
  66  16:29  Spine Crawler  
  63  16:30  Spore Crawler  
  63  16:31  Spine Crawler  
  63  16:32  Spine Crawler  
  63  16:33  Spore Crawler  
  63  16:37  Spore Crawler  
  63  16:45  Simplified Genome  
  63  16:48  Scourge x2  
  63  16:49  Scourge x6  
  71  17:45  Zerg Flyer Weapons Level 2  
  71  17:50  Hatchery  
  71  17:56  Drone x6  
  71  17:57  Drone x8  
  71  17:58  Drone x2  
  71  17:59  Hatchery  
  78  18:02  Hatchery  
  78  18:08  Scourge x2  
  78  18:09  Scourge x38  
  98  18:41  Medusa Blades  
  97  19:03  Spore Crawler, Spine Crawler  
  97  19:04  Spore Crawler  
  97  19:08  Spore Crawler  
  97  19:09  Spore Crawler  
  97  19:10  Spore Crawler  
  97  19:11  Spore Crawler  
  97  19:12  Spore Crawler  
  97  19:13  Spore Crawler  
  97  19:14  Spore Crawler  
  97  19:17  Spore Crawler  
  94  19:20  Spore Crawler  
  94  19:28  Spine Crawler  
  87  19:30  Spine Crawler  
  87  19:31  Spine Crawler  
  87  19:32  Spine Crawler  
  87  19:34  Spine Crawler  
  87  19:35  Spine Crawler  
  87  19:36  Spine Crawler  
  87  19:37  Spine Crawler  
  86  19:44  Scourge x2  
  86  19:45  Scourge x26  
  86  20:50  Scourge x2  
  86  20:51  Scourge x26  
  82  22:02  Scourge x2  
  82  22:03  Scourge x24  
  82  22:04  Scourge x10  
  88  23:59  Scourge x16  
  96  24:00  Scourge x8  
  93  25:46  Roach x4  
  93  25:47  Roach x12  
  93  25:48  Roach x4  
Tags
 
Add a new tag
Caveats
  • Supply blocks, unpowered buildings, or Contaminate may cause inaccurate times.
  • Supply counts are checked every 10 seconds.